 Dungeon Sprint DCSS version 0.20-a0-1122-gb7cbeb9 (webtiles) character file.

12467 potatolord6000 the Severer (level 11, -4/122 HPs)
             Began as a Hill Orc Fighter on May 12, 2017.
             Was an Initiate of Gozag.
             Slain by a two-headed ogre
             ... wielding a +0 giant spiked club
              (17 damage)
             ... in the Dungeon (Sprint IX: "|||||||||||||||||||||||||||||").
             The game lasted 00:07:58 (1997 turns).

potatolord6000 the Severer (Hill Orc Fighter)       Turns: 1997, Time: 00:07:58

Health: -4/122     AC: 27    Str: 23    XL:     11   Next: 93%
Magic:  11/11      EV:  8    Int:  8    God:    Gozag
Gold:   2561       SH:  0    Dex: 16    Spells: 10/10 levels left

rFire    . . .     SeeInvis .   a - +1 battleaxe
rCold    . . .     Gourm    .   (shield currently unavailable)
rNeg     . . .     Faith    .   m - +0 plate armour
rPois    +         Spirit   .   w - +0 helmet
rElec    .         Reflect  .   d - +0 cloak {rPois}
rCorr    .         Harm     .   s - +0 pair of gloves
MR       .....     NoTele   +   c - +2 pair of boots {Stlth+}
Stlth    ..........             (no amulet)
Regen    0.3/turn               b - +3 ring of dexterity
MPRegen  0.2/turn               p - +3 ring of dexterity

@: slowed, very slow
A: no striking features
a: Potion Petition, Call Merchant, Bribe Branch, Renounce Religion


You were in the Dungeon.
You worshipped Gozag.
Gozag was most pleased with you.
You were not hungry.

You visited 1 branch You collected 6464 gold pieces.
You spent 928 gold pieces at shops.
You paid 2975 gold pieces to Gozag.

Inventory:

Hand Weapons
 a - a +1 battleaxe (weapon)
Armour
 c - a +2 pair of boots of stealth (worn)
 d - a +0 cloak of poison resistance (worn)
 m - a +0 plate armour (worn)
 s - a +0 pair of gloves (worn)
 w - a +0 helmet (worn)
Jewellery
 b - a +3 ring of dexterity (left hand)
 p - a +3 ring of dexterity (right hand)
Wands
 l - a wand of lightning (7/15)
Scrolls
 g - 3 scrolls of remove curse
 h - 2 scrolls of amnesia
 k - 2 scrolls of blinking
 n - 4 scrolls of enchant armour
 t - a scroll of recharging
 u - 2 scrolls of enchant weapon
 v - a scroll of identify
Potions
 e - 2 potions of curing
 i - 4 potions of magic
Comestibles
 f - 40 fruits
 j - 12 bread rations
 r - 12 meat rations


   Skills:
 + Level 19.0 Fighting
 + Level 20.3 Axes
 + Level 17.8 Armour
   Level 3.2 Shields


You had 10 spell levels left.
You didn't know any spells.

Dungeon Overview and Level Annotations

Branches:
Dungeon (1/1)

Altars:
Cheibriados
Dithmenos
Elyvilon
Fedhas
Gozag
Hepliaklqana
Kikubaaqudgha
Makhleb
Nemelex Xobeh
Okawaru
Qazlal
Ru
Sif Muna
Trog
Uskayaw
Vehumet
Wu Jian
Xom
Yredelemnul
Zin
The Shining One
Beogh
Jiyva
Lugonu

Shops:
D [(!(}


Message History

Things that are here:
a war axe; a plate armour The two-headed ogre shouts in stereo!
Items here: )) [[ a long sword of draining; a chain mail; a scimitar; a chain mail
Things that are here:
a +2 ring mail; a halberd The ogre mage gestures at the two-headed ogre while chanting.
The two-headed ogre seems to speed up.
Things that are here:
a trident; a chain mail
Things that are here:
a mace; a chain mail
There is an open door, spattered with blood here.
Items here: ))) [[[ The ogre mage mumbles some strange words.
The ogre mage blinks!
The two-headed ogre hits you with a giant spiked club!
You die...
Your body crumbles into a pile of gold.

▓_▓.▓.▓.▓§▓
▓_▓.▓.▓.▓O▓
▓_▓.▓'▓.▓)▓
▓_▓.▓.▓.▓[▓
▓_▓.▓.▓.▓)▓
▓_▓.▓.▓.▓)▓
▓_▓.▓.▓.▓)▓
▓_▓.▓∩▓.▓O▓
▓_▓.▓.▓.▓@▓
▓_▓.▓.▓.▓)▓
▓_▓.▓.▓.▓)▓
▓_▓.▓.▓.▓.▓
▓_▓.▓'▓.▓(▓
▓_▓.▓.▓.▓(▓
▓_▓.▓.▓.▓(▓
▓_▓.▓.▓.▓.▓
▓_▓.▓.▓.▓)▓


You could see a two-headed ogre and an ogre.

Vanquished Creatures
  2 hydras (D)
  A death yak (D)
  3 two-headed ogres (D)
  2 ogre magi (D)
  An unseen horror (D)
  3 orc knights (D)
  2 elephants (D)
  A spiny frog (D)
  2 komodo dragons (D)
  3 tyrant leeches (D)
  2 blink frogs (D)
  A yak (D)
  A hungry ghost (D)
  2 vampire mosquitoes (D)
  3 water moccasins (D)
  2 porcupines (D)
  9 orc warriors (D)
  A sky beast (D)
  2 ogres (D)
  A centaur (D)
  4 crocodiles (D)
  3 bullfrogs (D)
  A scorpion (D)
  A wight (D)
  3 orc priests (D)
  An iguana (D)
  4 orc wizards (D)
  A worker ant (D)
  An adder (D)
  A leopard gecko (D)
  7 orcs (D)
  2 bats (D)
  2 hobgoblins (D)
  A jackal (D)
  A jackal skeleton (D)
  A rat (D)
78 creatures vanquished.

Notes
Turn   | Place    | Note
-------+----------+-------------------------------------------
     0 | D        | potatolord6000 the Hill Orc Fighter began the quest for the Orb.
     0 | D        | Reached XP level 1. HP: 19/19 MP: 1/1
    10 | D        | Reached skill level 3 in Axes
    35 | D        | Noticed a worker ant
    35 | D        | Noticed a scorpion
    44 | D        | Killed a scorpion
    44 | D        | Reached skill level 5 in Axes
    44 | D        | Reached skill level 5 in Armour
    44 | D        | Reached XP level 2. HP: 12/30 MP: 2/2
    44 | D        | Reached XP level 3. HP: 15/37 MP: 3/3
    48 | D        | Reached skill level 6 in Axes
    51 | D        | Reached XP level 4. HP: 13/45 MP: 4/4
    60 | D        | Found a roughly hewn altar of Beogh.
    60 | D        | Found a snail-covered altar of Cheibriados.
    60 | D        | Found a shadowy altar of Dithmenos.
    60 | D        | Found a white marble altar of Elyvilon.
    60 | D        | Found a blossoming altar of Fedhas.
    60 | D        | Found an opulent altar of Gozag.
    61 | D        | Found a hazy altar of Hepliaklqana.
    62 | D        | Found a viscous altar of Jiyva.
    63 | D        | Found an ancient bone altar of Kikubaaqudgha.
    64 | D        | Found a corrupted altar of Lugonu.
    65 | D        | Found a burning altar of Makhleb.
    66 | D        | Found a sparkling altar of Nemelex Xobeh.
    67 | D        | Found an iron altar of Okawaru.
    68 | D        | Became a worshipper of Gozag Ym Sagoz the Greedy
    69 | D        | Found a stormy altar of Qazlal.
    70 | D        | Found a sacrificial altar of Ru.
    71 | D        | Found a deep blue altar of Sif Muna.
    72 | D        | Found a bloodstained altar of Trog.
    73 | D        | Found a hide-covered altar of Uskayaw.
    74 | D        | Found a radiant altar of Vehumet.
    75 | D        | Found an ornate altar of the Wu Jian Council.
    76 | D        | Found a shimmering altar of Xom.
    77 | D        | Found a basalt altar of Yredelemnul.
    78 | D        | Found a glowing silver altar of Zin.
    79 | D        | Found a glowing golden altar of the Shining One.
   280 | D        | Noticed a bullfrog
   280 | D        | Noticed a centaur
   280 | D        | Noticed an orc warrior
   280 | D        | Noticed a hungry ghost
   282 | D        | Reached skill level 7 in Axes
   282 | D        | Reached XP level 5. HP: 52/52 MP: 5/5
   290 | D        | Killed a hungry ghost
   290 | D        | Reached skill level 9 in Axes
   290 | D        | Reached XP level 6. HP: 63/63 MP: 6/6
   291 | D        | Killed an orc warrior
   291 | D        | Reached skill level 10 in Fighting
   291 | D        | Reached skill level 10 in Axes
   295 | D        | Reached skill level 11 in Axes
   295 | D        | Reached XP level 7. HP: 73/73 MP: 7/7
   403 | D        | Noticed a two-headed ogre
   403 | D        | Noticed a two-headed ogre
   408 | D        | Killed a two-headed ogre
   408 | D        | Reached skill level 13 in Axes
   408 | D        | Reached XP level 8. HP: 31/85 MP: 8/8
   416 | D        | Killed an unseen horror
   416 | D        | Reached skill level 14 in Axes
   416 | D        | Reached XP level 9. HP: 28/93 MP: 9/9
   420 | D        | Killed a two-headed ogre
   420 | D        | Reached skill level 15 in Axes
   565 | D        | Identified a +0 pair of boots of running (You found it in the Dungeon)
   694 | D        | Noticed a five-headed hydra
   697 | D        | Noticed a death yak
   699 | D        | Noticed a komodo dragon
   702 | D        | Killed a nine-headed hydra
   702 | D        | Reached skill level 15 in Fighting
   702 | D        | Reached skill level 16 in Axes
   702 | D        | Reached XP level 10. HP: 22/105 MP: 10/10
   711 | D        | Killed a death yak
   712 | D        | Reached skill level 17 in Axes
   723 | D        | Reached skill level 15 in Armour
   742 | D        | Bought a potion of resistance for 160 gold pieces
   742 | D        | Bought a potion of heal wounds for 80 gold pieces
   742 | D        | Bought a potion of curing for 48 gold pieces
   742 | D        | Bought a potion of haste for 160 gold pieces
   748 | D        | Noticed an elephant
   748 | D        | Noticed an elephant
   750 | D        | Noticed a six-headed hydra
   752 | D        | Killed an elephant
   757 | D        | Noticed a spiny frog
   766 | D        | Killed an elephant
   790 | D        | Killed a 13-headed hydra
   790 | D        | Reached skill level 18 in Axes
   790 | D        | Reached XP level 11. HP: 52/117 MP: 11/11
   821 | D        | Bought a +2 pair of boots of stealth for 344 gold pieces
   821 | D        | Bought a +0 cloak of poison resistance for 136 gold pieces
  1463 | D        | Reached skill level 19 in Axes
  1536 | D        | Noticed an orc knight
  1536 | D        | Noticed an orc knight
  1546 | D        | Killed an orc knight
  1554 | D        | Noticed an orc knight
  1555 | D        | Killed an orc knight
  1571 | D        | HP: 3/119 [orc warrior/scimitar (12)]
  1576 | D        | Killed an orc knight
  1959 | D        | Found Zaocakub's Gadget Boutique.
  1959 | D        | Noticed an ogre mage
  1959 | D        | Noticed a two-headed ogre
  1959 | D        | Noticed an ogre mage
  1961 | D        | Noticed an ogre mage
  1966 | D        | Noticed a two-headed ogre
  1966 | D        | Killed an ogre mage
  1966 | D        | Reached skill level 20 in Axes
  1974 | D        | Killed a two-headed ogre
  1975 | D        | Killed an ogre mage
  1977 | D        | HP: 9/183 [ogre/giant club (2)]
  1980 | D        | Found Gyts's Weapon Shop.
  1997 | D        | Slain by a two-headed ogre

Vault maps used:
D:        linesprint

Skill      XL: |  1  2  3  4  5  6  7  8  9 10 11 |
---------------+----------------------------------+-----
Fighting       | 6 7 9 10 12 13 15 17 19 | 19.0
Axes           | 5 6 7 9 11 13 14 16 18 20 | 20.3
Armour         | 5 6 8 9 11 12 14 15 17 | 17.8
Shields        | |  3.2

Action                   |  1- 3 |  4- 6 |  7- 9 | 10-12 || total
-------------------------+-------+-------+-------+-------++-------
Melee: War axe           |    31 |     3 |       |       ||    34
       Broad axe         |       |    12 |    38 |   144 ||   194
       Battleaxe         |       |       |       |    19 ||    19
Invok: Potion Petition   |       |       |     1 |     2 ||     3
       Call Merchant     |       |       |       |     3 ||     3
  Use: Potion            |     3 |     1 |     3 |    13 ||    20
 Stab: Distracted        |       |       |     1 |     1 ||     2
       Invisible         |       |       |       |     6 ||     6
  Eat: Bread ration      |       |       |     1 |     1 ||     2
Armor: Scale mail        |    13 |     2 |       |       ||    15
       Ring mail         |       |     4 |    17 |    13 ||    34
       Plate armour      |       |       |       |     4 ||     4
Dodge: Dodged            |    15 |     4 |    15 |    25 ||    59
